 Dungeon Crawl Stone Soup version 0.22-a0-298-g92d99f377c (webtiles) character file.

151 Infinimo the Ducker (level 5, -2/24 HPs)
             Began as a Spriggan Earth Elementalist on Mar 25, 2018.
             Killed by divine providence
             ... invoked by an orc priest
              (12 damage)
             ... on level 3 of the Dungeon.
             The game lasted 00:03:57 (2482 turns).

Infinimo the Ducker (Spriggan Earth Elementalist)   Turns: 2482, Time: 00:03:58

Health: -2/24      AC:  2    Str:  4    XL:     5   Next: 11%
Magic:  6/12       EV: 20    Int: 17    God:
Gold:   90         SH:  0    Dex: 17    Spells: 8/12 levels left

rFire    . . .     SeeInvis +   h - +0 dagger
rCold    . . .     Gourm    .   (shield restricted)
rNeg     . . .     Faith    .   c - +0 robe
rPois    .         Spirit   .   (helmet restricted)
rElec    .         Reflect  .   (no cloak)
rCorr    .         Harm     .   (gloves unavailable)
MR       .....                  (boots unavailable)
Stlth    ++........             (no amulet)
HPRegen  0.08/turn              (no ring)
MPRegen  0.13/turn              (no ring)

@: very quick
A: very small, unfitting armour, see invisible, herbivore, speed 3, slow
metabolism 2
a: no special abilities


You were on level 3 of the Dungeon.
You were not hungry.

You visited 1 branch of the dungeon, and saw 3 of its levels.

You collected 90 gold pieces.

Inventory:

Hand Weapons
 h - a +0 dagger (weapon)
Missiles
 i - 30 stones (quivered)
Armour
 c - a +0 robe (worn)
Wands
 k - a wand of digging (5)
Scrolls
 b - 2 scrolls of identify {unknown}
 e - 3 scrolls of magic mapping {unknown}
 f - 2 scrolls of amnesia {unknown}
 g - a scroll of fog {unknown}
 j - a scroll of fear {unknown}
 l - a scroll of random uselessness {unknown}
 m - 2 scrolls of remove curse {unknown}
Potions
 a - 2 potions of degeneration {unknown}
 n - a potion of curing {unknown}
Comestibles
 d - 5 rations


   Skills:
 + Level 4.5 Dodging
 - Level 3.0 Stealth
 + Level 4.0 Spellcasting
 + Level 0.1 Conjurations
   Level 1.3 Transmutations
 * Level 4.2 Earth Magic


You had 8 spell levels left.
You knew the following spells:

 Your Spells              Type           Power        Failure   Level  Hunger
a - Sandblast             Erth           ###...       2%          1    None
b - Stone Arrow           Conj/Erth      ##....       19%         3    ###....


Dungeon Overview and Level Annotations

Branches:
Dungeon (3/15)

Altars:
Dithmenos


Innate Abilities, Weirdness & Mutations

You are very small and have problems with some larger weapons.
You are too small for most types of armour.
You have supernaturally acute eyesight. (SInv)
You are a herbivore.
You cover ground extremely quickly.
You need to consume almost no food.


Message History

The blast of sand hits the orc priest.
The orc priest is moderately wounded.
i - 31 stones The orc priest begins to cast a cantrip, but forgets the words!
Casting: Sandblast (safe; 2% risk of failure)
Confirm with . or Enter, or press ? or * to list all spells.
Aiming: Sandblast (safe; 2% risk of failure)
Press: ? - help, Shift-Dir - straight line, f/p - orc priest
Aim: an orc priest, wearing a ring mail (moderately wounded)
The blast of sand hits the orc priest.
The orc priest is moderately wounded.
i - 30 stones The orc priest looks satisfied for a moment.
The orc priest calls down the wrath of Beogh upon you.
Beogh smites you!
Ouch! That really hurt!
The orc priest invokes the aid of Beogh against you.
Beogh smites you!
Ouch! That really hurt!
You die...

###### .....#
####.###############
# #.##.........@..#
# #<##.##########o#
# #.##.# o# # #.##.#
.# # #.##.# o# #
#.##.# o# ####.##.#
o# ...)....# .#
#########


You could see an orc priest.

Vanquished Creatures
  5 gnolls
  3 adders (D:2)
  2 oozes
  2 worms
  2 dart slugs
  2 leopard geckos
  6 giant cockroaches
  5 hobgoblins
  4 jackals (D:1)
  8 bats
  5 frilled lizards
  5 goblins
  6 kobolds
  5 rats
60 creatures vanquished.

Notes
Turn   | Place    | Note
-------+----------+-------------------------------------------
     0 | D:1      | Infinimo the Spriggan Earth Elementalist began the quest for the Orb.
     0 | D:1      | Reached XP level 1. HP: 9/9 MP: 5/5
   149 | D:1      | Reached XP level 2. HP: 13/13 MP: 0/6
   479 | D:1      | Reached XP level 3. HP: 16/16 MP: 1/8
  1254 | D:2      | Learned a level 3 spell: Stone Arrow
  1395 | D:2      | Reached XP level 4. HP: 21/21 MP: 6/10
  1440 | D:2      | Found a shadowy altar of Dithmenos.
  2097 | D:2      | Reached XP level 5. HP: 24/24 MP: 7/12
  2482 | D:3      | Killed from afar by an orc priest

Vault maps used:
D:1:      minmay_arrival_up_and_down
D:2:      wad_pebble_path, nicolae_dithmenos_shadow_blocks
D:3:      okawaru_altar_gauntlet_db, uniq_sigmund, uniq_jessica, uniq_ijyb,
          uniq_terence

Skill      XL: |  1  2  3  4 |
---------------+-------------+-----
Earth Magic    | 3 4 |  4.2
Spellcasting   | 3 4 |  4.0
Dodging        | 4 |  4.5
Stealth        | |  3.0
Conjurations   | |  0.1
Transmutations | |  1.3

Action                   |  1- 3 |  4- 6 || total
-------------------------+-------+-------++-------
Melee: Unarmed           |    12 |       ||    12
       Dagger            |    42 |    36 ||    78
 Cast: Sandblast         |    47 |    43 ||    90
       Stone Arrow       |     2 |       ||     2
 Stab: Sleeping          |     2 |     1 ||     3
       Distracted        |     1 |       ||     1
Armor: Robe              |     3 |     5 ||     8
Dodge: Dodged            |    63 |    37 ||   100

Table legend:
 A = Spawn XP
 B = Non-spawn XP
 C = Spawn XP percentage of total XP
 D = Spawn monster count
 E = Non-spawn monster count
 F = Spawn count percentage of total count
 G = Total turns spent on level
                    A         B        C        D         E        F      G
               +---------+---------+-------+---------+---------+-------+---------
         Total |       0 |     217 |   0.0 |       0 |      60 |   0.0 |  2482
               +---------+---------+-------+---------+---------+-------+---------
           D:1 |       0 |      69 |   0.0 |       0 |      31 |   0.0 |  1028
           D:2 |       0 |     132 |   0.0 |       0 |      22 |   0.0 |  1359
           D:3 |       0 |      16 |   0.0 |       0 |       7 |   0.0 |    95
               +---------+---------+-------+---------+---------+-------+---------
